 Dungeon Crawl Stone Soup version 0.29-a0-1065-g47a6bb87d6 (webtiles) character file.

Game seed: 169945048672743214

187 SensoryNuts the Trooper (level 5, 0/38 (41) HPs)
             Began as a Demonspawn Fighter on Aug 18, 2022.
             Slain by an iguana (7 damage)
             ... on level 4 of the Dungeon.
             The game lasted 00:03:46 (3935 turns).

SensoryNuts the Trooper (Demonspawn Fighter)        Turns: 3935, Time: 00:03:47

HP:   0/38 (41)     AC: 10    Str: 17 (18) XL:     5   Next: 39%
MP:   5/5           EV:  9    Int:  6 (9)  God:
Gold: 172           SH:  4    Dex: 13      Spells: 4/4 levels left

rFire   . . .      SeeInvis .   a - +0 flail
rCold   . . .      Faith    .   c - +0 buckler
rNeg    . . .      Spirit   .   b - +0 scale mail
rPois   .          Reflect  .   (helmet restricted)
rElec   .          Harm     .   k - +2 cloak
rCorr   .          Rampage  .   (no gloves)
Will    .....                   (no boots)
Stlth   ..........              (no amulet)
HPRegen 0.12/turn               (no ring)
MPRegen 0.09/turn               (no ring)

@: drained
A: antennae 2, powered by pain 1
a: no special abilities


You were on level 4 of the Dungeon.
You visited 1 branch of the dungeon, and saw 4 of its levels.

You collected 172 gold pieces.

Inventory:

Hand Weapons
 a - a +0 flail (weapon)
Armour
 b - a +0 scale mail (worn)
 c - a +0 buckler (worn)
 k - a +2 cloak (worn)
Wands
 m - a wand of polymorph (2)
Scrolls
 d - a scroll of identify
 f - 3 scrolls of amnesia
 g - 2 scrolls of silence
 l - 3 scrolls of teleportation
 o - 2 scrolls of noise
Potions
 e - a potion of resistance {unknown}
 i - 2 potions of ambrosia
 j - a potion of might
 n - 2 potions of degeneration


   Skills:
 + Level 3.5 Fighting
 + Level 3.3 Maces & Flails
 + Level 3.5 Armour
 + Level 1.6 Dodging
 + Level 3.1 Shields


You had 4 spell levels left.
You didn't know any spells.
Your spell library contained the following spells:

 Spells                   Type           Power      Damage    Failure   Level
 Beastly Appendage        Tmut           0%         N/A       91%         1
 Shock                    Conj/Air       0%         1d3       91%         1
 Summon Small Mammal      Summ           0%         N/A       91%         1
 Call Canine Familiar     Summ           0%         N/A       100%        3
 Inner Flame              Hex/Fire       0%         N/A       100%        3
 Summon Guardian Golem    Hex/Summ       0%         N/A       100%        3
 Swiftness                Air            0%         N/A       100%        3
 Airstrike                Air            0%         2d(0-16)  100%        4
 Cause Fear               Hex            0%         N/A       100%        4
 Discord                  Hex            0%         N/A       100%        8


Dungeon Overview and Level Annotations

Branches:
Dungeon (4/15)
 Temple: D:4-7

Altars:
Sif Muna
Uskayaw


Innate Abilities, Weirdness & Mutations

You have a pair of antennae on your head.
You sometimes gain a little power by taking damage.


Message History

The iguana bites you!
You are too injured to fight recklessly!
You are too injured to fight recklessly!
You are too injured to fight recklessly!
You are too injured to fight recklessly!
You are too injured to fight recklessly!
You are too injured to fight recklessly!
You are too injured to fight recklessly!
You are too injured to fight recklessly!
You are too injured to fight recklessly!
You are too injured to fight recklessly!
You are too injured to fight recklessly!
You are too injured to fight recklessly!
You are too injured to fight recklessly!
You are too injured to fight recklessly!
You are too injured to fight recklessly!
You are too injured to fight recklessly!
You are too injured to fight recklessly!
You are too injured to fight recklessly!
Unknown command.
You are too injured to fight recklessly!
You are too injured to fight recklessly!
You hit the necrophage but do no damage.
The necrophage hits you but does no damage.
The iguana bites you.
You thump the necrophage!
The necrophage is heavily damaged.
You block the necrophage's attack. The iguana barely misses you.
You block the iguana's attack.
The necrophage hits you but does no damage.
You sock the necrophage!
The necrophage is severely damaged.
The iguana bites you.
* * * LOW HITPOINT WARNING * * *
The necrophage closely misses you.
You hit the necrophage but do no damage.
The necrophage is severely damaged.
The necrophage hits you but does no damage.
The iguana bites you!
You die...

#..# #..####### #..#
#..# #..# #..# #..#
#..# #######. #
#..####..###........#
#.....†..†...#####.##.#
#######..##...........#
.....######.######
#####.# #..@#
#.......nl.$...#
#####.§§§...##.#
#..§≈.§≈...
#..§§§≈.....#
#.≈.....≈...#
#.≈≈.§.≈§...#
#...._..:...#


You could see a necrophage and an iguana.

Vanquished Creatures
  An iguana (D:4)
  2 orc wizards (D:3)
  A gnoll (D:1)
  4 worms
  A dart slug (D:3)
  9 orcs (D:3)
  13 bats
  5 endoplasms
  2 giant cockroaches (D:2)
  8 hobgoblins
  2 jackals (D:3)
  4 quokkas
  7 ball pythons
  3 frilled lizards
  7 goblins
  6 kobolds
  4 rats
79 creatures vanquished.

Vanquished Creatures (others)
  A fungus (D:2)
1 creature vanquished.

Grand Total: 80 creatures vanquished

Notes
Turn   | Place    | Note
-------+----------+-------------------------------------------
     0 | D:1      | SensoryNuts the Demonspawn Fighter began the quest for the
                  | Orb.
     0 | D:1      | Reached XP level 1. HP: 18/18 MP: 1/1
   221 | D:1      | Gained mutation: You have a pair of small antennae on your
                  | head. [demonic ancestry]
   221 | D:1      | Reached XP level 2. HP: 24/24 MP: 2/2
   637 | D:1      | Gained mutation: You have a pair of antennae on your head.
                  | [demonic ancestry]
   637 | D:1      | Reached XP level 3. HP: 29/29 MP: 3/3
   953 | D:2      | Found a faded altar of an unknown god.
   987 | D:2      | Got Plato's Quarto of the Figure
  2134 | D:3      | Found a shimmering blue altar of Sif Muna.
  2235 | D:3      | Reached XP level 4. HP: 33/35 MP: 4/4
  2930 | D:3      | Reached skill level 1 in Dodging
  2930 | D:3      | Gained mutation: You sometimes gain a little power by
                  | taking damage. [demonic ancestry]
  2930 | D:3      | Reached XP level 5. HP: 16/41 MP: 5/5
  3928 | D:4      | Found a hide-covered altar of Uskayaw.
  3935 | D:4      | Slain by an iguana

Illustrated notes

Levels and vault maps discovered:
D:1:      erik_arrival_orb_chamber, layout_loops_ring, minmay_surrounded
D:2:      layout_loops_corners, shapermc_ecumenical_altar_rom_forum
D:3:      layout_loops_ring, nicolae_sif_muna_little_library, roderic_batcave,
          minivault_11
D:4:      layout_loops_ring, slow_altar_2, mainiacjoe_overflow_small_starburst,
          overflow_temple_1_default, minmay_misc_feat_alley,
          nicolae_figureground_sparkle, uniq_eustachio

Skill      XL: |  1  2  3  4 |
---------------+-------------+-----
Maces & Flails | 2 3 |  3.3
Shields        | 3 |  3.1
Armour         | 3 |  3.5
Dodging        | 1 |  1.6
Fighting       | |  3.5

Action                   |  1- 3 |  4- 6 || total
-------------------------+-------+-------++-------
Melee: Flail             |   127 |   136 ||   263
  Use: Potion            |       |     5 ||     5
       Scroll            |       |     6 ||     6
Armor: Scale mail        |    47 |   104 ||   151
Dodge: Dodged            |    62 |    67 ||   129
Block: Buckler           |    25 |    39 ||    64

Table legend: (Time is in decaauts)
 A = Elapsed time spent in this place.
 B = Non-inter-level travel time spent in this place.
 C = Inter-level travel time spent in this place.
 D = Time resting spent in this place.
 E = Time spent auto-exploring this place.
 F = Levels seen in this place.
 G = Mean time per level.
                   A        B        C        D        E       F      G
               +--------+--------+--------+--------+--------+-----+--------+
         Total |   4015 |   3999 |     16 |      0 |   3321 |   4 | 1003.8 |
       Dungeon |   4015 |   3999 |     16 |      0 |   3321 |   4 | 1003.8 |
               +--------+--------+--------+--------+--------+-----+--------+

Top non-repeatable levels by time:
     D:3: 1678 daAuts
     D:2: 1247 daAuts
     D:1: 908 daAuts
     D:4: 180 daAuts
